 Dungeon Crawl Stone Soup version 0.28-a0-1594-ga885d4b3d6 (webtiles) character file.

Game seed: 17518147407173448028

520 HallandMoats the Skirmisher (level 7, -3/45 HPs)
             Began as a Gargoyle Fighter on Jan 21, 2022.
             Was a Plaything of Xom.
             Slain by Duvessa (7 damage)
             ... on level 4 of the Dungeon.
             The game lasted 00:05:38 (3380 turns).

HallandMoats the Skirmisher (Gargoyle Fighter)      Turns: 3380, Time: 00:05:38

Health: -3/45      AC: 12    Str: 20    XL:     7   Next: 21%
Magic:  16/16      EV: 10    Int:  8    God:    Xom [*.....]
Gold:   108        SH:  5    Dex: 13    Spells: 6/6 levels left

rFire   . . .      SeeInvis .   b - +0 broad axe
rCold   . . .      Faith    .   c - +0 buckler
rNeg    + . .      Spirit   .   p - +0 scale mail
rPois   ∞          Reflect  .   (no helmet)
rElec   +          Harm     .   (no cloak)
rCorr   .          Rampage  .   (no gloves)
Will    .....                   (no boots)
Stlth   ..........              (no amulet)
HPRegen 0.00/turn               n - ring of magical power
MPRegen 0.15/turn               (no ring)

@: lit by a corona, inhibited regen, glowing
A: sickness immunity, AC +4, negative energy resistance 1, electricity
resistance, torment resistance 1, petrification resistance, agile 1, inhibited
regeneration, MP-powered wands
a: Renounce Religion


You were on level 4 of the Dungeon.
You worshipped Xom.
You were a special plaything of Xom.
You visited 1 branch of the dungeon, and saw 4 of its levels.

You collected 163 gold pieces.
You spent 55 gold pieces at shops.

Inventory:

Hand Weapons
 a - a +2 short sword of electrocution
 b - a +0 broad axe (weapon)
Armour
 c - a +0 buckler (worn)
 p - a +0 scale mail (worn)
Jewellery
 n - a ring of magical power (left hand)
Wands
 d - a wand of iceblast (13)
 h - a wand of flame (16)
Scrolls
 e - a scroll of holy word {unknown}
 f - a scroll of identify
 i - a scroll of noise {unknown}
 j - 2 scrolls of amnesia {unknown}
 k - 2 scrolls of teleportation {unknown}
 m - a scroll of magic mapping {unknown}
Potions
 l - a potion of flight


   Skills:
 * Level 5.7 Fighting
 + Level 3.3 Axes
 + Level 4.5 Armour
 + Level 2.2 Dodging
 + Level 4.5 Shields


You had 6 spell levels left.
You didn't know any spells.
Your spell library contained the following spells:

 Spells                   Type           Power      Damage    Failure   Level
 Conjure Flame            Conj/Fire      0%         6-21      99%         3
 Ignite Poison            Fire/Tmut/Pois 0%         N/A       99%         3
 Sticky Flame             Conj/Fire      0%         2d3       100%        4


Dungeon Overview and Level Annotations

Branches:
Dungeon (4/15)
 Temple: D:4-7

Altars:
Nemelex Xobeh
Xom

Shops:
D:1 [   D:2 ?((((   D:4 !

Annotations:
D:4 Dowan, Duvessa


Innate Abilities, Weirdness & Mutations

You are immune to sickness and miasma.
Your stone body is resilient. (AC +4)
You are immune to poison.
You resist negative energy. (rN+)
You are resistant to electric shocks. (rElec)
You are resistant to unholy torment.
You are immune to petrification.
You are agile. (Dex +2)
You do not regenerate when monsters are visible.
You expend magic power (3 MP) to strengthen your wands.


Message History

Dowan casts a spell at Duvessa.
Duvessa seems to speed up.
It was a potion of mutation.
You feel extremely strange.
Your regeneration stops near monsters.
You feel agile.
You feel your magical essence link to the dungeon's wands.
Xom roars with laughter!
Duvessa hits you with a +0 short sword!
You closely miss Duvessa.
Duvessa gestures with her weapon.
You block Duvessa's attack. x2
You completely miss Duvessa. Duvessa hits you with a +0 short sword.
Duvessa closely misses you. Dowan casts a spell at you.
The puff of frost hits you!
You barely miss Duvessa. Duvessa hits you but does no damage.
Dowan closely misses you.
Unknown command.
You feel better.
Duvessa hits you with a +0 short sword. x2; Dowan misses you.
Your +2 short sword of electrocution stops crackling.
b - a +0 broad axe (weapon)
Duvessa closely misses you.
You completely miss Dowan. You barely miss Duvessa.
Duvessa hits you with a +0 short sword. Dowan casts a spell at you.
You are outlined in light.
You block Duvessa's attack. Dowan hits you with a +0 dagger.
You hit Dowan.
Dowan is moderately wounded.
You hit Duvessa but do no damage. Duvessa hits you but does no damage.
You block Dowan's attack. Duvessa hits you but does no damage.
You hit Dowan but do no damage.
Dowan is moderately wounded.
You hit Duvessa but do no damage. You block Duvessa's attack.
Dowan hits you but does no damage. Duvessa hits you with a +0 short sword!
Dowan points at you and mumbles some strange words.
The puff of flame hits you!
* * * LOW HITPOINT WARNING * * *
Duvessa hits you with a +0 short sword!
You die...
Xom is highly amused!

#...................#
#....(..............#
.#...................#
...[.................#
...................).#
.....................#
...............#######
...............#
......e@..>....#
......e........#
...............#
...............#
...............#
...............#
################


You could see Duvessa (fast) and Dowan.

Vanquished Creatures
  Grinder (D:4)
  An ogre (D:4)
  An orc priest (D:4)
  A bullfrog zombie (D:4)
  2 orc wizards (D:4)
  Ijyb (D:4)
  2 adders
  An adder skeleton (D:4)
  3 orcs
  5 endoplasms
  7 giant cockroaches
  4 goblins
  7 hobgoblins
  2 jackals (D:1)
  A quokka (D:3)
  8 ball pythons
  3 bats
  4 frilled lizards
  16 kobolds
  3 rats
73 creatures vanquished.

Vanquished Creatures (others)
  4 toadstools (D:1)
4 creatures vanquished.

Grand Total: 77 creatures vanquished

Notes
Turn   | Place    | Note
-------+----------+-------------------------------------------
     0 | D:1      | HallandMoats the Gargoyle Fighter began the quest for the
                  | Orb.
     0 | D:1      | Reached XP level 1. HP: 14/14 MP: 1/1
    24 | D:1      | Found Tirphieqi's Armour Shoppe.
   137 | D:1      | Reached XP level 2. HP: 19/19 MP: 2/2
   554 | D:1      | Found a faded altar of an unknown god.
   615 | D:1      | Reached XP level 3. HP: 24/24 MP: 3/3
   979 | D:1      | Prayed at the altar of an unknown god.
   979 | D:1      | Became a worshipper of Xom of Chaos
  1008 | D:1      | XOM: silly message
  1031 | D:2      | Found Hido's Weapon Boutique.
  1168 | D:2      | Found Jariz's Antique Weapon Boutique.
  1291 | D:2      | Found Guag's Antique Weapon Boutique.
  1340 | D:2      | Reached skill level 4 in Fighting
  1351 | D:2      | Found Kamemoump's Weapon Emporium.
  1470 | D:2      | XOM: cloud trail
  1873 | D:2      | Found Niqewow's Magic Scroll Emporium.
  1918 | D:2      | XOM: silly message
  2081 | D:3      | Reached XP level 4. HP: 29/29 MP: 4/4
  2084 | D:3      | Reached skill level 1 in Dodging
  2235 | D:3      | XOM: silly message
  2476 | D:3      | XOM: 10-stop teleportation journey
  2944 | D:4      | Found Peweptag's Distillery.
  2955 | D:4      | Bought a potion of heal wounds for 55 gold pieces
  2973 | D:4      | Noticed an ogre
  2978 | D:4      | Noticed Ijyb
  2981 | D:4      | Killed an ogre
  2982 | D:4      | Reached XP level 5. HP: 31/34 MP: 5/5
  2984 | D:4      | XOM: fog
  2989 | D:4      | HP: 1/34 [something/magic dart (2)]
  2990 | D:4      | Reached skill level 5 in Fighting
  2990 | D:4      | Reached XP level 6. HP: 2/40 MP: 6/6
  3001 | D:4      | Killed Ijyb
  3155 | D:4      | XOM: scenery: 1 doors open
  3187 | D:4      | XOM: smoke on damage
  3263 | D:4      | Noticed Grinder
  3265 | D:4      | XOM: confuse monster(s)
  3266 | D:4      | Paralysed by Grinder for 7 turns
  3282 | D:4      | Killed Grinder
  3283 | D:4      | Reached XP level 7. HP: 36/45 MP: 7/7
  3307 | D:4      | Found a sparkling altar of Nemelex Xobeh.
  3369 | D:4      | Noticed Duvessa
  3369 | D:4      | Noticed Dowan
  3372 | D:4      | Gained mutation: You do not regenerate when monsters are
                  | visible. [potion of mutation]
  3372 | D:4      | Gained mutation: You are agile. (Dex +2) [potion of
                  | mutation]
  3372 | D:4      | Gained mutation: You expend magic power (3 MP) to
                  | strengthen your wands. [potion of mutation]
  3380 | D:4      | Slain by Duvessa

Illustrated notes

Levels and vault maps discovered:
D:1:      ldierk_water_garden, layout_basic, serial_shops, shop,
          basic_ecumenical_altar
D:2:      layout_basic, serial_shops, nicolae_diamond_shop,
          nicolae_shop_window_shopping, nicolae_diamond_shop,
          nicolae_shop_bloodbath_and_beyond, nicolae_square_shop
D:3:      layout_loops_ring
D:4:      layout_gridville, nemelex_diamond_rough_becter, serial_shops,
          nicolae_shop_crystal, columned_hall_lemuel, uniq_grinder,
          uniq_duvessa, uniq_ijyb

Skill      XL: |  1  2  3  4  5  6 |
---------------+-------------------+-----
Axes           | 2 3 |  3.3
Fighting       | 4 5 |  5.7
Dodging        | 1 2 |  2.2
Armour         | 4 |  4.5
Shields        | 4 |  4.5

Action                   |  1- 3 |  4- 6 |  7- 9 || total
-------------------------+-------+-------+-------++-------
Melee: War axe           |    57 |       |       ||    57
       Short sword       |    57 |    63 |     7 ||   127
       Broad axe         |       |    16 |     3 ||    19
  Use: Potion            |       |     5 |     2 ||     7
       Scroll            |       |     1 |       ||     1
Armor: Scale mail        |    58 |    41 |     4 ||   103
Dodge: Dodged            |    58 |    34 |     6 ||    98
Block: Buckler           |    28 |    34 |     5 ||    67

Table legend: (Time is in decaauts)
 A = Elapsed time spent in this place.
 B = Non-inter-level travel time spent in this place.
 C = Inter-level travel time spent in this place.
 D = Time resting spent in this place.
 E = Time spent auto-exploring this place.
 F = Levels seen in this place.
 G = Mean time per level.
                   A        B        C        D        E       F      G
               +--------+--------+--------+--------+--------+-----+--------+
         Total |   3429 |   3257 |    172 |    132 |   2511 |   4 |  857.2 |
       Dungeon |   3429 |   3257 |    172 |    132 |   2511 |   4 |  857.2 |
               +--------+--------+--------+--------+--------+-----+--------+

Top non-repeatable levels by time:
     D:1: 1056 daAuts
     D:2: 1049 daAuts
     D:3: 842 daAuts
     D:4: 481 daAuts
